 Dungeon Crawl Stone Soup version 0.27-a0-242-ge0fc76b88b (webtiles) character file.

Game seed: 14691290322502157929

14 puppykicker the Vexing (level 2, 0/25 HPs)
             Began as a Naga Arcane Marksman on Feb 2, 2021.
             Slain by a rat (3 damage)
             ... on level 1 of the Dungeon.
             The game lasted 00:01:32 (194 turns).

puppykicker the Vexing (Naga Arcane Marksman)        Turns: 194, Time: 00:01:33

Health: 0/25       AC:  3    Str: 12    XL:     2   Next: 45%
Magic:  3/3        EV:  9    Int: 13    God:
Gold:   15         SH:  0    Dex: 11    Spells: 2/3 levels left

rFire    . . .     SeeInvis +   b - +0 mace
rCold    . . .     Faith    .   (no shield)
rNeg     . . .     Spirit   .   c - +1 leather armour
rPois    +         Reflect  .   (no helmet)
rElec    .         Harm     .   (no cloak)
rCorr    .         Rampage  .   (no gloves)
Will     .....                  (no barding)
Stlth    +.........             (no amulet)
HPRegen  0.08/turn              (no ring)
MPRegen  0.08/turn              (no ring)

@: short of breath, very slow
A: large, see invisible, deformed body, poison resistance, slowness 2, spit
poison 1, AC +0
a: Spit Poison


You were on level 1 of the Dungeon.
You visited 1 branch of the dungeon, and saw 1 of its levels.

You collected 15 gold pieces.

Inventory:

Hand Weapons
 a - a +0 shortbow
 b - a +0 mace (weapon)
Missiles
 d - 19 arrows
Armour
 c - a +1 leather armour (worn)


   Skills:
 + Level 1.2 Fighting
 * Level 2.1 Bows
 + Level 0.4 Armour
 + Level 1.7 Dodging
 + Level 1.2 Spellcasting
 - Level 3.0 Hexes


You had 2 spell levels left.
You knew the following spells:

 Your Spells              Type           Power        Failure   Level
v - Corona                Hex            8%           11%         1

Your spell library contained the following spells:

 Spells                   Type           Power        Failure   Level
 Slow                     Hex            8%           16%         2
 Inner Flame              Hex/Fire       4%           50%         3
 Portal Projectile        Hex/Tloc       8%           50%         3
 Cause Fear               Hex            4%           71%         4
 Leda's Liquefaction      Hex/Erth       2%           88%         4


Dungeon Overview and Level Annotations

Branches:
Dungeon (1/15)

Altars:


Innate Abilities, Weirdness & Mutations

You cannot wear boots.
Your serpentine skin is tough. (AC +0)
You have supernaturally acute eyesight. (SInv)
Armour fits poorly on your strangely shaped body.
Your system is resistant to poisons. (rPois)
You cover ground very slowly.
You can spit poison.


Message History

Press: ? - help, Shift-Dir - straight line, f - hobgoblin
Aim: a hobgoblin The splash of poison hits the hobgoblin!
The hobgoblin is poisoned.
You kill the hobgoblin!
The rat bites you but does no damage. The rat barely misses you.
The hobgoblin barely misses you.
You have got your breath back.
The hobgoblin hits you with a +0 club.
* * * LOW HITPOINT WARNING * * *
The rat bites you but does no damage.
You take 4 damage, and have 3/25 hp.
You aren't carrying any potions.
Unknown command.
Unknown command.
Press: ? - help, Shift-Dir - straight line, f - hobgoblin
Aim: a hobgoblin, wielding a +0 club The splash of poison hits the hobgoblin.
The hobgoblin is poisoned.
The rat bites you.
You die...

#.#######.# .# .[..........#
#..(......#+#.# #...........
#.##..........# #...........
###+##).........# #...†.......
................# #...........
.........##.....# #...........
.........##.....# #..)........
.........##.....######...........
.......).####...@r........#######
###+###### #....g........#
########.............#
.........#'###########
...#######.# #.# #+#


You could see a hobgoblin (poisoned) and a rat.

Levels and vault maps discovered:
D:1:      nicolae_arrival_washed_ashore, layout_basic, hex_medium

Notes
Turn   | Place    | Note
-------+----------+-------------------------------------------
     0 | D:1      | puppykicker the Naga Arcane Marksman began the quest for
                  | the Orb.
     0 | D:1      | Reached XP level 1. HP: 18/18 MP: 2/2
     4 | D:1      | Identified a +0 club
    25 | D:1      | Identified a +0 leather armour (You found it on level 1 of
                  | the Dungeon)
   121 | D:1      | Identified a +0 club
   129 | D:1      | Reached skill level 2 in Bows
   129 | D:1      | Reached XP level 2. HP: 24/25 MP: 3/3
   174 | D:1      | Identified a +0 short sword
   175 | D:1      | Identified a +0 club
   176 | D:1      | Identified a +0 mace (You found it on level 1 of the
                  | Dungeon)
   182 | D:1      | HP: 3/25 [kobold/+0 short sword (4)]
   183 | D:1      | Identified a scroll of enchant armour
   184 | D:1      | Identified a potion of curing
   193 | D:1      | HP: 3/25 [hobgoblin/+0 club (4)]
   194 | D:1      | Slain by a rat

Table legend: (Time is in decaauts)
 A = Elapsed time spent in this place.
 B = Non-inter-level travel time spent in this place.
 C = Inter-level travel time spent in this place.
 D = Time resting spent in this place.
 E = Time spent auto-exploring this place.
 F = Levels seen in this place.
 G = Mean time per level.
                   A        B        C        D        E       F      G
               +--------+--------+--------+--------+--------+-----+--------+
         Total |    255 |    255 |      0 |      0 |    190 |   1 |  255.0 |
       Dungeon |    255 |    255 |      0 |      0 |    190 |   1 |  255.0 |
               +--------+--------+--------+--------+--------+-----+--------+

Top non-repeatable levels by time:
     D:1: 255 daAuts

Table legend:
 A = Kills in this place as a percentage of kills in entire the game.
 B = Kills by you in this place as a percentage of kills by you in the entire game.
 C = Kills by friends in this place as a percentage of kills by friends in the entire game.
 D = Other kills in this place as a percentage of other kills in the entire game.
 E = Experience gained in this place as a percentage of experience gained in the entire game.
 F = Experience gained in this place divided by the number of levels of this place that you have seen.
                   A       B       C       D       E      F
               +-------+-------+-------+-------+-------+----------------------
         Total | 100.0 | 100.0 |   N/A |   N/A | 100.0 |  21.0
       Dungeon | 100.0 | 100.0 |   N/A |   N/A | 100.0 |  21.0
               +-------+-------+-------+-------+-------+----------------------

Skill      XL: |  1 |
---------------+----+-----
Bows           | 2 |  2.1
Fighting       | |  1.2
Armour         | |  0.4
Dodging        | |  1.7
Spellcasting   | |  1.2
Hexes          | |  3.0

Action                   || total
-------------------------++-------
Melee: Mace              ||     3
 Fire: Shortbow          ||    10
 Abil: Spit Poison       ||     4
  Use: Scroll            ||     1
       Potion            ||     1
Armor: Leather armour    ||     8
Dodge: Dodged            ||    14

Vanquished Creatures
  An ooze (D:1)
  A giant cockroach (D:1)
  A goblin (D:1)
  3 hobgoblins (D:1)
  A kobold (D:1)
  A bat (D:1)
8 creatures vanquished.
